[ PARTIDA AOE2 · #482050890 ]
1v1 RMTurcos vs Wu
Equipo del jugador · VICT
Equipo rival · DERR
[ ANÁLISIS DE REPETICIÓN · EXTRAÍDO DE LA PARTIDA GRABADA ]
Feudal
11:03
Castillos
14:57
Imperial
28:59
| APM promedio | 32.4 |
| APM pico | 61 |
| eAPM promedio | 16.2 |
| Aldeanos / militares | 97 / 90 |
Foco
⚔️ 28.2% · 🌾 71.8%
Janissary ×56 · Bombard Cannon ×23 · Scout Cavalry ×5 · Trebuchet (Packed) ×4 · Monk ×2
Feudal
10:35
Castillos
15:01
Imperial
28:56
| APM promedio | 47.3 |
| APM pico | 97 |
| eAPM promedio | 22.7 |
| Aldeanos / militares | 155 / 0 |
Foco
⚔️ 41.7% · 🌾 58.3%
Unknown (1968) ×127 · Unknown (1942) ×7 · Unknown (1944) ×4
Mapa de la partida
Recursos iniciales + cada clic de construcción. Líneas = muros · curvas = relieve. ◆ oro · ⬟ piedra · ● bayas · ✦ reliquia · ◌ hueco del cierre
Tu base· ✓ Cerrada en 14:57 · 0t muro · 2 puerta(s)
Base de ThePudding· ✓ Cerrada en 15:01 · 0t muro · 2 puerta(s)
Terreno inicial suavizado · ◌ = hueco del cierre detectado · pasá el cursor para detalles
Inputs por minuto
— aanogue87 - - ThePudding
Build order — aanogue87
Primeras 150 de 300 acciones detectadas
| 0:00 | Crear | Villager (Male) |
| 0:00 | Crear | Villager (Male) |
| 0:01 | Crear | Villager (Male) |
| 0:02 | Construir | House |
| 0:04 | Construir | House |
| 0:22 | Crear | Villager (Male) |
| 1:32 | Crear | Villager (Male) |
| 1:56 | Construir | Lumber Camp |
| 1:59 | Crear | Villager (Male) |
| 2:21 | Crear | Villager (Male) |
| 2:49 | Crear | Villager (Male) |
| 3:12 | Crear | Villager (Male) |
| 3:43 | Crear | Villager (Male) |
| 3:43 | Crear | Villager (Male) |
| 3:52 | Construir | House |
| 3:54 | Construir | House |
| 4:02 | Crear | Villager (Male) |
| 4:34 | Crear | Villager (Male) |
| 4:51 | Construir | Mill |
| 4:55 | Crear | Villager (Male) |
| 5:14 | Crear | Villager (Male) |
| 5:30 | Crear | Villager (Male) |
| 5:53 | Crear | Villager (Male) |
| 6:01 | Construir | Mining Camp |
| 6:37 | Crear | Villager (Male) |
| 7:10 | Construir | Mining Camp |
| 7:13 | Crear | Villager (Male) |
| 7:30 | Crear | Villager (Male) |
| 7:54 | Crear | Villager (Male) |
| 7:55 | Crear | Villager (Male) |
| 8:45 | Investigar | Feudal Age |
| 9:24 | Construir | House |
| 9:26 | Construir | House |
| 9:41 | Construir | Farm |
| 9:44 | Construir | Farm |
| 10:30 | Crear | Villager (Male) |
| 10:30 | Crear | Villager (Male) |
| 10:35 | Construir | Farm |
| 11:03 | Edad | Edad Feudal |
| 11:08 | Construir | Market |
| 11:18 | Construir | Blacksmith |
| 11:31 | Crear | Villager (Male) |
| 12:17 | Investigar | Castle Age |
| 12:18 | Investigar | Castle Age |
| 12:52 | Investigar | Double-Bit Axe |
| 14:20 | Investigar | Loom |
| 14:42 | Crear | Villager (Male) |
| 14:57 | Edad | Edad de los Castillos |
| 15:05 | Construir | Castle |
| 15:07 | Crear | Villager (Male) |
| 15:27 | Investigar | Bow Saw |
| 15:42 | Construir | Farm |
| 15:48 | Construir | Farm |
| 15:51 | Construir | Farm |
| 16:06 | Construir | Mining Camp |
| 16:16 | Crear | Janissary |
| 16:35 | Construir | Farm |
| 16:40 | Crear | Villager (Male) |
| 17:14 | Construir | Farm |
| 17:16 | Crear | Villager (Male) |
| 17:26 | Crear | Janissary |
| 17:26 | Crear | Janissary |
| 17:44 | Crear | Janissary |
| 17:51 | Construir | Farm |
| 18:01 | Crear | Janissary |
| 18:13 | Crear | Janissary |
| 18:30 | Construir | Monastery |
| 18:42 | Construir | Monastery |
| 18:42 | Crear | Villager (Male) |
| 18:42 | Crear | Villager (Male) |
| 18:45 | Crear | Janissary |
| 19:03 | Crear | Janissary |
| 19:18 | Crear | Villager (Male) |
| 19:23 | Construir | Farm |
| 19:30 | Crear | Villager (Male) |
| 19:33 | Crear | Monk |
| 19:34 | Crear | Monk |
| 19:44 | Crear | Janissary |
| 19:44 | Crear | Janissary |
| 20:14 | Crear | Janissary |
| 20:26 | Crear | Janissary |
| 20:58 | Crear | Janissary |
| 20:58 | Crear | Janissary |
| 21:09 | Crear | Villager (Male) |
| 21:09 | Crear | Villager (Male) |
| 21:13 | Construir | Farm |
| 21:15 | Construir | Farm |
| 21:18 | Construir | Farm |
| 21:25 | Construir | Farm |
| 22:08 | Crear | Janissary |
| 22:08 | Crear | Janissary |
| 22:24 | Crear | Villager (Male) |
| 22:24 | Crear | Villager (Male) |
| 22:30 | Construir | Farm |
| 22:34 | Construir | Farm |
| 22:52 | Construir | House |
| 22:54 | Construir | House |
| 22:57 | Crear | Villager (Male) |
| 23:01 | Construir | Farm |
| 23:02 | Investigar | Horse Collar |
| 23:19 | Crear | Villager (Male) |
| 23:25 | Crear | Villager (Male) |
| 23:26 | Crear | Villager (Male) |
| 23:27 | Crear | Janissary |
| 23:28 | Crear | Janissary |
| 23:34 | Construir | Farm |
| 23:52 | Construir | Farm |
| 24:11 | Crear | Janissary |
| 24:11 | Crear | Janissary |
| 24:23 | Construir | Farm |
| 24:37 | Construir | Farm |
| 24:44 | Construir | Farm |
| 24:49 | Crear | Villager (Male) |
| 25:05 | Crear | Janissary |
| 25:06 | Crear | Janissary |
| 25:12 | Construir | Farm |
| 25:24 | Crear | Villager (Male) |
| 25:44 | Construir | Farm |
| 25:49 | Investigar | Imperial Age |
| 26:00 | Construir | House |
| 26:15 | Crear | Villager (Male) |
| 27:17 | Construir | Siege Workshop |
| 27:41 | Crear | Janissary |
| 27:42 | Crear | Janissary |
| 27:51 | Crear | Janissary |
| 28:14 | Crear | Villager (Male) |
| 28:17 | Construir | Farm |
| 28:31 | Construir | House |
| 28:41 | Crear | Janissary |
| 28:42 | Crear | Janissary |
| 28:48 | Investigar | Padded Archer Armor |
| 28:59 | Edad | Edad Imperial |
| 29:01 | Crear | Bombard Cannon |
| 29:01 | Crear | Bombard Cannon |
| 29:05 | Construir | House |
| 29:08 | Crear | Villager (Male) |
| 29:09 | Crear | Villager (Male) |
| 29:09 | Crear | Villager (Male) |
| 29:18 | Investigar | Conscription |
| 29:23 | Crear | Villager (Male) |
| 29:31 | Crear | Janissary |
| 30:11 | Crear | Bombard Cannon |
| 30:13 | Crear | Villager (Male) |
| 31:16 | Crear | Bombard Cannon |
| 31:20 | Crear | Villager (Male) |
| 31:40 | Construir | House |
| 32:10 | Crear | Villager (Male) |
| 32:23 | Construir | House |
| 32:25 | Construir | House |
| 32:29 | Crear | Bombard Cannon |
Build order — ThePudding
Primeras 150 de 415 acciones detectadas
| 0:02 | Crear | Villager (Male) |
| 0:03 | Construir | House |
| 0:05 | Construir | House |
| 0:09 | Crear | Villager (Male) |
| 0:09 | Crear | Villager (Male) |
| 0:10 | Crear | Villager (Male) |
| 1:23 | Crear | Villager (Male) |
| 1:59 | Crear | Villager (Male) |
| 2:33 | Crear | Villager (Male) |
| 2:33 | Crear | Villager (Male) |
| 2:47 | Crear | Villager (Male) |
| 3:12 | Construir | Lumber Camp |
| 3:49 | Crear | Villager (Male) |
| 3:53 | Construir | House |
| 3:55 | Crear | Villager (Male) |
| 3:58 | Crear | Villager (Male) |
| 4:19 | Construir | House |
| 4:24 | Construir | House |
| 4:33 | Crear | Villager (Male) |
| 4:42 | Crear | Villager (Male) |
| 4:42 | Crear | Villager (Male) |
| 5:14 | Crear | Villager (Male) |
| 5:19 | Crear | Villager (Male) |
| 5:30 | Crear | Villager (Male) |
| 5:30 | Crear | Villager (Male) |
| 5:37 | Construir | Mill |
| 6:10 | Crear | Villager (Male) |
| 6:10 | Crear | Villager (Male) |
| 6:11 | Crear | Villager (Male) |
| 6:21 | Crear | Villager (Male) |
| 6:21 | Crear | Villager (Male) |
| 6:27 | Construir | Mining Camp |
| 7:04 | Crear | Villager (Male) |
| 7:14 | Crear | Villager (Male) |
| 7:20 | Crear | Villager (Male) |
| 7:22 | Crear | Villager (Male) |
| 7:25 | Construir | Mining Camp |
| 7:38 | Crear | Villager (Male) |
| 8:18 | Investigar | Feudal Age |
| 8:18 | Investigar | Feudal Age |
| 10:28 | Construir | Farm |
| 10:35 | Edad | Edad Feudal |
| 10:39 | Crear | Villager (Male) |
| 10:45 | Construir | Market |
| 10:48 | Construir | Blacksmith |
| 11:02 | Construir | Farm |
| 11:20 | Investigar | Loom |
| 11:32 | Construir | Farm |
| 12:21 | Investigar | Castle Age |
| 12:21 | Investigar | Castle Age |
| 13:08 | Investigar | Double-Bit Axe |
| 13:51 | Crear | Villager (Male) |
| 13:51 | Crear | Villager (Male) |
| 14:09 | Construir | House |
| 14:26 | Crear | Villager (Male) |
| 14:27 | Crear | Villager (Male) |
| 14:30 | Construir | House |
| 14:49 | Construir | House |
| 15:01 | Edad | Edad de los Castillos |
| 15:23 | Construir | Castle |
| 15:35 | Construir | Castle |
| 15:44 | Construir | House |
| 15:50 | Crear | Villager (Male) |
| 15:54 | Crear | Villager (Male) |
| 15:54 | Crear | Villager (Male) |
| 16:05 | Construir | House |
| 16:15 | Construir | House |
| 16:16 | Construir | House |
| 16:18 | Crear | Villager (Male) |
| 16:28 | Construir | Farm |
| 16:28 | Construir | Farm |
| 16:35 | Construir | Siege Workshop |
| 16:36 | Crear | Unit 1968 |
| 16:36 | Crear | Unit 1968 |
| 16:37 | Crear | Unit 1968 |
| 16:37 | Crear | Unit 1968 |
| 16:40 | Crear | Villager (Male) |
| 16:41 | Crear | Villager (Male) |
| 17:01 | Crear | Unit 1968 |
| 17:01 | Crear | Unit 1968 |
| 17:07 | Investigar | Fletching |
| 17:07 | Crear | Villager (Male) |
| 17:10 | Construir | Farm |
| 17:10 | Construir | Farm |
| 17:28 | Construir | Farm |
| 17:29 | Crear | Villager (Male) |
| 17:29 | Crear | Villager (Male) |
| 17:43 | Crear | Unit 1968 |
| 17:43 | Crear | Unit 1968 |
| 17:53 | Crear | Unit 1968 |
| 17:54 | Crear | Unit 1968 |
| 17:58 | Crear | Villager (Male) |
| 17:59 | Crear | Villager (Male) |
| 18:02 | Construir | Farm |
| 18:08 | Construir | Farm |
| 18:09 | Crear | Villager (Male) |
| 18:30 | Crear | Villager (Male) |
| 18:30 | Crear | Villager (Male) |
| 18:33 | Construir | Farm |
| 18:44 | Crear | Unit 1968 |
| 18:44 | Crear | Unit 1968 |
| 18:44 | Crear | Unit 1968 |
| 18:45 | Crear | Villager (Male) |
| 18:45 | Crear | Villager (Male) |
| 18:50 | Crear | Villager (Male) |
| 18:51 | Crear | Villager (Male) |
| 18:56 | Crear | Villager (Male) |
| 19:00 | Construir | Farm |
| 19:01 | Construir | Farm |
| 19:06 | Crear | Villager (Male) |
| 19:14 | Crear | Villager (Male) |
| 19:17 | Crear | Unit 1968 |
| 19:17 | Crear | Unit 1968 |
| 19:33 | Construir | Farm |
| 19:39 | Construir | Farm |
| 19:40 | Investigar | Bodkin Arrow |
| 19:41 | Investigar | Bodkin Arrow |
| 19:55 | Construir | House |
| 19:56 | Construir | House |
| 19:58 | Construir | House |
| 19:59 | Construir | House |
| 20:00 | Construir | House |
| 20:02 | Construir | House |
| 20:03 | Construir | House |
| 20:10 | Crear | Villager (Male) |
| 20:10 | Crear | Villager (Male) |
| 20:23 | Crear | Unit 1968 |
| 20:25 | Crear | Villager (Male) |
| 20:26 | Crear | Villager (Male) |
| 20:34 | Construir | House |
| 20:44 | Crear | Villager (Male) |
| 20:44 | Crear | Villager (Male) |
| 20:51 | Crear | Unit 1968 |
| 20:52 | Crear | Villager (Male) |
| 21:01 | Crear | Villager (Male) |
| 21:01 | Crear | Villager (Male) |
| 21:02 | Crear | Villager (Male) |
| 21:16 | Crear | Unit 1968 |
| 21:17 | Crear | Unit 1968 |
| 21:26 | Crear | Villager (Male) |
| 21:27 | Crear | Villager (Male) |
| 21:27 | Crear | Villager (Male) |
| 21:27 | Crear | Villager (Male) |
| 21:37 | Construir | Farm |
| 21:45 | Crear | Villager (Male) |
| 21:46 | Crear | Villager (Male) |
| 21:46 | Crear | Villager (Male) |
| 21:51 | Crear | Unit 1968 |
| 21:51 | Crear | Unit 1968 |
| 22:04 | Crear | Unit 1968 |
Cronología de la partida
| 10:35 | ThePudding · age_up feudal |
| 11:03 | aanogue87 · age_up feudal |
| 14:57 | aanogue87 · age_up castle |
| 15:01 | ThePudding · age_up castle |
| 15:05 | aanogue87 · first_building Castle |
| 15:23 | ThePudding · first_building Castle |
| 16:35 | ThePudding · first_building Siege Workshop |
| 17:24 | aanogue87 · first_market_buy 100 food |
| 18:30 | aanogue87 · first_building Monastery |
| 25:36 | ThePudding · first_market_sell 100 stone |
| 27:17 | aanogue87 · first_building Siege Workshop |
| 28:56 | ThePudding · age_up imperial |
| 28:59 | aanogue87 · age_up imperial |
| 32:35 | ThePudding · first_building Monastery |
| 36:15 | ThePudding · first_market_buy 500 stone |
| 45:28 | aanogue87 · first_building Barracks |
| 45:38 | ThePudding · first_building Barracks |
| 46:58 | aanogue87 · first_building Stable |
| 47:10 | ThePudding · first_building Stable |
| 48:00 | ThePudding · resign |
[ ANÁLISIS IA · 1 CRÉDITO ]
¿Qué pasó realmente en esta partida?
Wolo.gg analiza cada decisión: build order, eco, micro, errores típicos por bracket. Análisis personalizado por WhatsApp o Discord en 30 segundos.
Guía civ
Turcos
Guía mapa
Arena
Perfil
aanogue87